 Dungeon Crawl Stone Soup version 0.31.0-12-g77e489cdc1 (webtiles) character file.

Game seed: 15148648636735960015

32 dirge the Conjurer (level 3, -2/19 HPs)
             Began as a Deep Elf Conjurer on Feb 27, 2024.
             Killed from afar by Natasha (3 damage)
             ... with a puff of flame
             ... on level 2 of the Dungeon.
             The game lasted 00:02:50 (1433 turns).

dirge the Conjurer (Deep Elf Conjurer)              Turns: 1433, Time: 00:02:50

Health: -2/19      AC:  3    Str:  4    XL:     3   Next: 10%
Magic:  8/10       EV: 12    Int: 24    God:
Gold:   80         SH:  0    Dex: 13    Spells: 6/9 levels left

rFire   . . .        a - +0 dagger
rCold   . . .        (no shield)
rNeg    . . .        d - +0 robe
rPois   .            (no helmet)
rElec   .            (no cloak)
rCorr   .            (no gloves)
SInv    .            c - +0 pair of boots
Will    .....        (no amulet)
Stlth   ++           (no ring)
HPRegen 0.23/turn    (no ring)
MPRegen 0.12/turn

%: no passive effects
@: brilliant
A: no striking features
a: no special abilities


You were on level 2 of the Dungeon.
You visited 1 branch of the dungeon, and saw 2 of its levels.

You collected 80 gold pieces.

Inventory:

Hand Weapons
 a - a +0 dagger (weapon)
Armour
 c - a +0 pair of boots (worn)
 d - a +0 robe (worn)
Scrolls
 f - 4 scrolls of identify {unknown}
Potions
 b - a potion of magic
 g - a potion of degeneration {unknown}


   Skills:
 + Level 2.8 Dodging
 + Level 2.8 Stealth
 * Level 3.8 Spellcasting
 * Level 4.7 Conjurations


You had 6 spell levels left.
You knew the following spells:

 Your Spells              Type           Power      Damage    Failure   Level
a - Magic Dart            Conj           100%       1d8       1%          1
b - Searing Ray           Conj           82%        2d7       1%          2

Your spell library contained the following spells:

 Spells                   Type           Power      Damage    Failure   Level
 Fulminant Prism          Conj/Alch      12%        3d8       36%         4
 Iskenderun's Mystic Bla  Conj/Tloc      24%        2d7       36%         4


Dungeon Overview and Level Annotations

Branches:
Dungeon (2/15)

Altars:

Annotations:
D:2 Natasha


Message History

The magic dart hits the giant cockroach.
You kill the giant cockroach!
Casting: Magic Dart (safe; 1% risk of failure)
Confirm with . or Enter, or press ? or * to list all spells.
Okay, then.
Unknown command.
You start resting.
Magic restored.
Found a scale mail.
You see here a giant cockroach corpse.
A giant cockroach comes into view.
Casting: Magic Dart (safe; 1% risk of failure)
Confirm with . or Enter, or press ? or * to list all spells.
Aiming: Magic Dart (safe; 1% risk of failure)
Press: ? - help, Shift-Dir - straight line, f - giant cockroach
Aim: a giant cockroach (asleep, 100% to hit)
The magic dart hits the giant cockroach!
You kill the giant cockroach!
Natasha, Servant of Life and Death comes into view.
She is carrying a wand of flame.
Natasha zaps a wand.
The puff of flame hits you!
Ouch! That really hurt!
* * * LOW HITPOINT WARNING * * *
Okay, then.
It was a potion of brilliance.
You feel clever all of a sudden.
Okay, then.
Casting: Magic Dart (safe; 1% risk of failure)
Confirm with . or Enter, or press ? or * to list all spells.
Aiming: Searing Ray (safe; 1% risk of failure)
Press: ? - help, Shift-Dir - straight line, f - Natasha
Aim: Natasha, carrying a wand of flame (77% to hit)
You feel a surge of power!
The searing ray misses Natasha. (Press . to maintain the ray.) Natasha stares at you and mumbles some strange words.
The magic dart hits you.
* * * LOW HITPOINT WARNING * * *
The searing ray misses Natasha.
Natasha zaps a wand.
The puff of flame hits you.
You die...
Natasha curls up and begins to purr.

...#####....
#......#....
...........# ...
.#.......... #..
.#......... #..
.#..†...... #.#### #
......###+# #.#.h h##
........#.# #.#.#
.#.# .....##.#.#
#.#@#....#
.....##.#.####......#
.#+####..........#.##
...##............#.#
.................# #
.#+#................
...............######
............#....
............#.....


You could see Natasha.

Vanquished Creatures
  A ball python (D:1)
  3 endoplasms
  2 giant cockroaches (D:2)
  4 goblins (D:1)
  2 hobgoblins
  4 jackals (D:2)
  2 kobolds (D:1)
  A quokka (D:1)
  A bat (D:1)
  4 frilled lizards (D:1)
  5 rats (D:1)
29 creatures vanquished.

Notes
Turn   | Place    | Note
-------+----------+-------------------------------------------
     0 | D:1      | dirge the Deep Elf Conjurer began the quest for the Orb.
     0 | D:1      | Reached XP level 1. HP: 10/10 MP: 6/6
   243 | D:1      | Reached XP level 2. HP: 15/15 MP: 1/8
   303 | D:1      | Learned a level 2 spell: Searing Ray
  1293 | D:2      | Reached XP level 3. HP: 19/19 MP: 7/10
  1427 | D:2      | Noticed Natasha
  1433 | D:2      | Killed from afar by Natasha

Illustrated notes

Levels and vault maps discovered:
D:1:      dpeg_arrival_signposts, layout_loops_cross, serial_forest,
          infiniplex_forest_end_1, infiniplex_forest_clump_cross,
          infiniplex_forest_lined_1, infiniplex_forest_lined_room_,
          infiniplex_forest_straight_2
D:2:      layout_basic, grunt_decor_one_mirror, uniq_natasha

Action                     || total
---------------------------++-------
   Cast: Magic Dart        ||    45
         Searing Ray       ||     3
    Use: Potion            ||     1
 Armour: Robe              ||     4
  Dodge: Dodged            ||     3
